 Dungeon Crawl Stone Soup version 0.31-a0-564-g3b7de120b3 (webtiles) character file.

Game seed: 16020577755139026102

298 IdlyInterested the Chopper (level 6, -3/47 HPs)
             Began as a Demonspawn Gladiator on Aug 17, 2023.
             Slain by an orc
             ... wielding a +0 flail
              (6 damage)
             ... on level 4 of the Dungeon.
             The game lasted 00:09:51 (2980 turns).

IdlyInterested the Chopper (Demonspawn Gladiator)   Turns: 2980, Time: 00:09:51

Health: -3/47      AC: 11    Str: 16    XL:     6   Next: 13%
Magic:  6/6        EV:  5    Int:  9    God:
Gold:   92         SH:  0    Dex: 15    Spells: 5/5 levels left

rFire   . . .        a - +0 war axe
rCold   . . .        m - +0 buckler
rNeg    . . .        s - +0 plate armour
rPois   .            (helmet restricted)
rElec   .            (no cloak)
rCorr   .            (no gloves)
SInv    .            (no boots)
Will    .....        (no amulet) Stlth
                     (no ring)
HPRegen 0.27/turn    (no ring)
MPRegen 0.10/turn

%: no passive effects
@: confused
A: antennae 1, spiny 1, weakness stinger 1, screaming 1, shaggy fur 1
a: no special abilities


You were on level 4 of the Dungeon.
You visited 1 branch of the dungeon, and saw 4 of its levels.

You collected 197 gold pieces.
You spent 105 gold pieces at shops.

Inventory:

Hand Weapons
 a - a +0 war axe (weapon)
 l - a +0 short sword
 x - a +1 antimagic dagger
 y - a +0 trident
 C - a +1 dagger of draining
 D - a +1 short sword of speed
Missiles
 c - 7 poisoned darts
 d - 3 throwing nets
 e - a javelin
 j - 8 boomerangs
 k - 40 stones (quivered)
Armour
 b - a +0 leather armour
 g - a +0 ring mail
 m - a +0 buckler (worn)
 s - a +0 plate armour (worn)
 E - a +8 chain mail of ponderousness
Magical Staves
 h - a staff of death
Talismans
 f - a blade talisman
Wands
 p - a wand of acid (7)
Scrolls
 i - a scroll of enchant weapon {unknown}
 n - a scroll of summoning {unknown}
 o - a scroll of enchant armour
 q - 3 scrolls of identify {unknown}
 r - a scroll of noise {unknown}
 t - a scroll of teleportation {unknown}
 w - a scroll of amnesia {unknown}
Potions
 u - a potion of brilliance {unknown}
 v - a potion of lignification {unknown}
 z - a potion of magic {unknown}
 A - a potion of degeneration {unknown}
 B - a potion of mutation


   Skills:
 - Level 3.0 Fighting
 + Level 4.8 Axes
 - Level 1.7 Throwing
 + Level 1.8 Armour
 - Level 3.0 Dodging
 - Level 1.0 Stealth
 - Level 1.0 Evocations
 - Level 1.0 Shapeshifting


You had 5 spell levels left.
You didn't know any spells.
Your spell library contained the following spells:

 Spells                   Type           Power      Damage    Failure   Level
 Blink                    Tloc           0%         N/A       100%        2
 Lesser Beckoning         Tloc           0%         N/A       100%        2
 Momentum Strike          Conj/Tloc      0%         3d8       100%        2
 Wereblood                Tmut           0%         N/A       100%        2
 Irradiate                Conj/Tmut      0%         3d11      100%        5


Dungeon Overview and Level Annotations

Branches:
Dungeon (4/15)
 Temple: D:4-7

Altars:
Hepliaklqana
Xom

Shops:
D:1 ?

Annotations:
D:4 Dowan, Duvessa


Innate Abilities, Weirdness & Mutations

You have a pair of small antennae on your head.
You are partially covered in sharp spines.
You have a small tail.
You occasionally shout uncontrollably at your foes.
You are covered in fur. (AC +1)


Message History

The orc wizard hits you but does no damage.
The orc wizard points at you and mumbles some strange words.
The puff of flame hits you!
Dowan casts a spell at Duvessa.
Duvessa seems to speed up.
The orc wizard hits you but does no damage.
The orc wizard points at you and mumbles some strange words.
The puff of flame hits you.
The orc wizard gestures at you while chanting.
You are confused.
The orc wizard hits you with a +0 dagger.
The orc wizard gestures at you while chanting.
The magic dart hits you.
The orc wizard points at you and mumbles some strange words.
The puff of flame hits you.
You're too confused to move!
The orc wizard is struck by your spines.
The orc wizard hits you with a +0 dagger.
The orc is struck by your spines. The orc hits you but does no damage.
The orc barely misses you.
You closely miss Dowan.
Your tail-slap misses Dowan.
You slash the orc!
You kill the orc!
You miss Duvessa. You closely miss the orc.
You hit the orc wizard but do no damage.
Duvessa hits you with a +0 short sword. x2; Dowan hits you with a +0 dagger.
* * * LOW HITPOINT WARNING * * *
The orc wizard is struck by your spines.
The orc wizard hits you with a +0 dagger.
* * * LOW HITPOINT WARNING * * *
The orc barely misses you.
You slash the orc wizard!
The orc wizard is heavily wounded.
You closely miss Duvessa. You barely miss the orc. You slash the orc wizard!
You kill the orc wizard!
You closely miss Dowan. You miss the orc wizard.
Duvessa hits you with a +0 short sword!
* * * LOW HITPOINT WARNING * * *
Dowan hits you but does no damage. The orc is struck by your spines.
The orc hits you with a +0 flail.
You die...

.... .# ... .# ##.# .#
###..###.# #........##
##[........# # .
#....(.ee..#...# .#
#......o@......#
..#####......5oo#....#
##.# #..................
...###.....†....#.#....#
.........########....##
........##########.#.#
................# .. .
.....#..........# #.#.#
.....#..........#


You could see Duvessa (fast), Dowan, 2 orc wizards, an orc and an ufetubus.

Vanquished Creatures
  2 phantoms (D:4)
  An orc wizard (D:4)
  A gnoll (D:2)
  5 adders
  A worm (D:3)
  16 orcs
  6 bats
  8 endoplasms
  2 giant cockroaches
  5 goblins
  8 hobgoblins
  3 jackals (D:3)
  7 kobolds
  2 quokkas
  5 ball pythons
  5 frilled lizards (D:2)
  7 rats
84 creatures vanquished.

Notes
Turn   | Place    | Note
-------+----------+-------------------------------------------
     0 | D:1      | IdlyInterested the Demonspawn Gladiator began the quest for
                  | the Orb.
     0 | D:1      | Reached XP level 1. HP: 16/16 MP: 1/1
   154 | D:1      | Reached skill level 1 in Stealth
   218 | D:1      | Reached skill level 3 in Axes
   218 | D:1      | Discovered your monstrous ancestry.
   218 | D:1      | Gained mutation: You have a small tail. [demonic ancestry]
   218 | D:1      | Reached XP level 2. HP: 22/22 MP: 2/2
   492 | D:1      | Found Ironetoshre's Magic Scroll Emporium.
   750 | D:1      | Bought a scroll of enchant armour for 105 gold pieces
   760 | D:2      | Reached skill level 1 in Armour
   942 | D:2      | Gained mutation: You have a pair of small antennae on your
                  | head. [demonic ancestry]
   942 | D:2      | Reached XP level 3. HP: 11/27 MP: 3/3
  1091 | D:2      | Reached skill level 1 in Evocations
  1104 | D:2      | Gained mutation: You are covered in fur. (AC +1) [potion of
                  | mutation]
  1104 | D:2      | Gained mutation: You occasionally shout uncontrollably at
                  | your foes. [potion of mutation]
  1211 | D:2      | You fall into a shaft and drop 2 floors!
  1333 | D:3      | Reached XP level 4. HP: 13/33 MP: 4/4
  1928 | D:3      | Reached skill level 1 in Shapeshifting
  2227 | D:3      | Found a hazy altar of Hepliaklqana.
  2228 | D:3      | Found a shimmering altar of Xom.
  2228 | D:3      | Noticed a hell beast
  2229 | D:3      | Noticed a spectral ugly thing
  2229 | D:3      | Noticed a hell beast
  2465 | D:3      | Reached skill level 4 in Axes
  2754 | D:4      | Noticed a phantom
  2766 | D:4      | Killed a phantom
  2767 | D:4      | Gained mutation: You are partially covered in sharp spines.
                  | [demonic ancestry]
  2767 | D:4      | Reached XP level 5. HP: 32/40 MP: 5/5
  2867 | D:4      | Noticed a phantom
  2878 | D:4      | Killed a phantom
  2879 | D:4      | Reached XP level 6. HP: 40/47 MP: 6/6
  2973 | D:4      | Noticed Dowan
  2973 | D:4      | Noticed Duvessa
  2980 | D:4      | Slain by an orc

Illustrated notes

Levels and vault maps discovered:
D:1:      dpeg_arrival_rooms_a, layout_loops_ring, serial_shops, shop,
          minmay_gold_behind_fungi
D:2:      layout_rooms, minmay_nonomino_d4
D:3:      layout_basic, regret_index_temple_of_mockery
D:4:      layout_rooms, minmay_temple_entry_fiery, nicolae_half_adder,
          uniq_duvessa

Skill      XL: |  1  2  3  4  5 |
---------------+----------------+-----
Stealth        | 1 |  1.0
Axes           | 3 4 |  4.8
Armour         | 1 |  1.8
Evocations     | 1 |  1.0
Shapeshifting  | 1 |  1.0
Dodging        | 3 |  3.0
Fighting       | 3 |  3.0
Throwing       | |  1.7

Action                     |  1- 3 |  4- 6 || total
---------------------------+-------+-------++-------
  Melee: War axe           |   138 |   117 ||   255
         Tailslap          |     7 |    12 ||    19
  Throw: Stone             |       |    14 ||    14
    Use: Potion            |     2 |       ||     2
   Stab: Sleeping          |     1 |       ||     1
 Armour: Ring mail         |    61 |     1 ||    62
         Plate armour      |       |    87 ||    87
  Dodge: Dodged            |   112 |    20 ||   132
  Block: Buckler           |    31 |    25 ||    56

Table legend: (Time is in decaauts)
 A = Elapsed time spent in this place.
 B = Non-inter-level travel time spent in this place.
 C = Inter-level travel time spent in this place.
 D = Time resting spent in this place.
 E = Time spent auto-exploring this place.
 F = Levels seen in this place.
 G = Mean time per level.
                   A        B        C        D        E       F      G
               +--------+--------+--------+--------+--------+-----+--------+
         Total |   3074 |   2624 |    450 |    210 |   1415 |   4 |  768.5 |
       Dungeon |   3074 |   2624 |    450 |    210 |   1415 |   4 |  768.5 |
               +--------+--------+--------+--------+--------+-----+--------+

Top non-repeatable levels by time:
     D:3: 1087 daAuts
     D:1: 984 daAuts
     D:2: 764 daAuts
     D:4: 237 daAuts
